 Dungeon Crawl Stone Soup version 0.31-a0-408-gb642c7f9a3 (webtiles) character file.

Game seed: 4572803882937879474

19 RepHenryClay the Magician (level 2, 0/15 HPs)
             Began as a Deep Elf Hedge Wizard on July 30, 2023.
             Succumbed to an adder's poison
             ... on level 2 of the Dungeon.
             The game lasted 00:00:54 (242 turns).

RepHenryClay the Magician (Deep Elf Hedge Wizard)    Turns: 242, Time: 00:00:55

Health: 0/15       AC:  4    Str:  7    XL:     2   Next: 55%
Magic:  1/9        EV: 12    Int: 18    God:
Gold:   0          SH:  0    Dex: 14    Spells: 8/9 levels left

rFire   . . .        a - +0 dagger
rCold   . . .        (no shield)
rNeg    . . .        b - +0 robe
rPois   .            c - +0 hat
rElec   .            (no cloak)
rCorr   .            (no gloves)
SInv    .            h - +1 pair of boots
Will    .....        (no amulet)
Stlth   ++           (no ring)
HPRegen 0.22/turn    (no ring)
MPRegen 0.11/turn

%: no passive effects
@: lethally poisoned (0 -> -4)
A: no striking features
a: no special abilities


You were on level 2 of the Dungeon.
You visited 1 branch of the dungeon, and saw 2 of its levels.

Inventory:

Hand Weapons
 a - a +0 dagger (weapon)
Armour
 b - a +0 robe (worn)
 c - a +0 hat (worn)
 h - a +1 pair of boots (worn)
Jewellery
 g - an amulet of faith
Scrolls
 e - a scroll of torment {unknown}
 f - 2 scrolls of poison {unknown}
Potions
 d - a potion of magic


   Skills:
 - Level 2.4 Dodging
 - Level 2.4 Stealth
 - Level 4.4 Spellcasting
 + Level 2.9 Conjurations
 - Level 1.1 Summonings
 - Level 1.1 Translocations


You had 8 spell levels left.
You knew the following spells:

 Your Spells              Type           Power      Damage    Failure   Level
a - Magic Dart            Conj           56%        1d5       4%          1

Your spell library contained the following spells:

 Spells                   Type           Power      Damage    Failure   Level
 Slow                     Hex            12%        N/A       14%         1
 Blink                    Tloc           14%        N/A       14%         2
 Call Imp                 Summ           14%        N/A       14%         2
 Cigotuvi's Dreadful Rot  Necr/Pois/Air  6%         N/A       22%         2
 Mephitic Cloud           Conj/Pois/Air  7%         N/A       28%         3


Dungeon Overview and Level Annotations

Branches:
Dungeon (2/15)

Altars:


Message History

You don't know that spell.
Unknown command.
Casting: Magic Dart (safe; 5% risk of failure)
Confirm with . or Enter, or press ? or * to list all spells.
Aiming: Magic Dart (safe; 5% risk of failure)
Press: ? - help, Shift-Dir - straight line, f/p - adder
Aim: an adder (severely wounded, 100% to hit)
The magic dart hits the adder.
The adder is almost dead.
The bat hits you.
* * * LOW HITPOINT WARNING * * *
The adder bites you.
* * * LOW HITPOINT WARNING * * *
You are lethally poisoned!
The adder poisons you! The bat closely misses you.
Huge Dmg: -14%(-2hp) hp: 20%(3hp)
Casting: Magic Dart (safe; 5% risk of failure)
Confirm with . or Enter, or press ? or * to list all spells.
Aiming: Magic Dart (safe; 5% risk of failure)
Press: ? - help, Shift-Dir - straight line, f/p - adder
Aim: an adder (almost dead, 100% to hit)
The magic dart hits the adder.
You kill the adder!
* * * LOW HITPOINT WARNING * * *
You feel sick. The bat misses you.
Huge Dmg: -13%(-2hp) hp: 7%(1hp)
Okay, then.
There is a lethal amount of poison in your body!
Casting: Magic Dart (safe; 4% risk of failure)
Confirm with . or Enter, or press ? or * to list all spells.
Aiming: Magic Dart (safe; 4% risk of failure)
Press: ? - help, Shift-Dir - straight line, f - bat
Aim: a bat (heavily wounded, 100% to hit)
The magic dart hits the bat.
You kill the bat!
* * * LOW HITPOINT WARNING * * *
You feel sick.
Unknown command.
There is a lethal amount of poison in your body!
You die...

#.##........#
#........####
#............
#........####
#!#.......# #
#.#####.# #..#
.#
#..####.######
#....†@.......
#..####?......
.....# #######
.......#
.......#
........
#####..# #..


There were no monsters in sight!

Vanquished Creatures
  An adder (D:2)
  A dart slug (D:1)
  An endoplasm (D:1)
  A giant cockroach (D:2)
  A goblin (D:1)
  3 bats (D:2)
8 creatures vanquished.

Notes
Turn   | Place    | Note
-------+----------+-------------------------------------------
     0 | D:1      | RepHenryClay the Deep Elf Hedge Wizard began the quest for
                  | the Orb.
     0 | D:1      | Reached XP level 1. HP: 10/10 MP: 7/7
   237 | D:2      | Reached XP level 2. HP: 10/15 MP: 6/9
   242 | D:2      | Succumbed to an adder's poison

Illustrated notes

Levels and vault maps discovered:
D:1:      giann_forest_graveyard, layout_rooms,
          chequers_ecumenical_altar_simple, st_stairs_14, eino_curves_04,
          minmay_misc_feat_plants
D:2:      layout_basic, serial_shops, shop, chequers_serial_rivers_micro_a

Skill      XL: |  1 |
---------------+----+-----
Conjurations   | 2 |  2.9
Dodging        | |  2.4
Stealth        | |  2.4
Spellcasting   | |  4.4
Summonings     | |  1.1
Translocations | |  1.1

Action                     || total
---------------------------++-------
  Melee: Dagger            ||    13
   Cast: Magic Dart        ||    20
 Armour: Robe              ||    20
  Dodge: Dodged            ||    44

Table legend: (Time is in decaauts)
 A = Elapsed time spent in this place.
 B = Non-inter-level travel time spent in this place.
 C = Inter-level travel time spent in this place.
 D = Time resting spent in this place.
 E = Time spent auto-exploring this place.
 F = Levels seen in this place.
 G = Mean time per level.
                   A        B        C        D        E       F      G
               +--------+--------+--------+--------+--------+-----+--------+
         Total |    241 |    241 |      0 |      0 |    122 |   2 |  120.5 |
       Dungeon |    241 |    241 |      0 |      0 |    122 |   2 |  120.5 |
               +--------+--------+--------+--------+--------+-----+--------+

Top non-repeatable levels by time:
     D:1: 209 daAuts
     D:2: 32 daAuts
